 Dungeon Crawl Stone Soup version 0.30.1-11-g7821555f0a (webtiles) character file.

Game seed: 800891596523910611

160 Qelan the Cudgeller (level 5, -4/42 HPs)
             Began as a Human Berserker on Nov 25, 2023.
             Was a Believer of Trog.
             Shot with an arrow by a centaur (10 damage)
             ... on level 5 of the Dungeon on Nov 27, 2023.
             The game lasted 00:53:47 (2273 turns).

Qelan the Cudgeller (Human Berserker)               Turns: 2273, Time: 00:53:47

Health: -4/42      AC:  6    Str: 17      XL:     5   Next: 69%
Magic:  5/5        EV: 12    Int:  6 (8)  God:    Trog [**....]
Gold:   109        SH:  0    Dex: 12 (14) Spells: 4/4 levels left

rFire   + . .        o - +0 long sword
rCold   . . .        (no shield)
rNeg    . . .        e - +1 leather armour
rPois   .            g - +0 helmet
rElec   .            k - +0 cloak
rCorr   +            (no gloves)
SInv    .            (no boots)
Will    .....        c - amulet of faith
Stlth   +            f - ring of resist corrosion
HPRegen 0.27/turn    d - ring of protection from fire
MPRegen 0.09/turn

%: faith
@: no status effects
A: no striking features
a: Renounce Religion, Berserk, Trog's Hand


You were on level 5 of the Dungeon.
You worshipped Trog.
Trog was pleased with you.
You visited 1 branch of the dungeon, and saw 4 of its levels.

You collected 109 gold pieces.

Inventory:

Hand Weapons
 n - a +2 sling of electrocution
 o - a +0 long sword (weapon)
Missiles
 h - 6 stones
 l - 2 curare-tipped darts
 m - 2 poisoned darts
Armour
 e - a +1 leather armour (worn)
 g - a +0 helmet (worn)
 k - a +0 cloak (worn)
Jewellery
 c - an amulet of faith (around neck)
 d - a ring of protection from fire (right hand)
 f - a ring of resist corrosion (left hand)


   Skills:
 + Level 3.7 Fighting
 + Level 0.1 Long Blades
 + Level 4.4 Maces & Flails
 + Level 2.5 Armour
 + Level 3.2 Dodging
 + Level 0.2 Stealth


You had 4 spell levels left.
You didn't know any spells.
Your spell library was empty.

Dungeon Overview and Level Annotations

Branches:
Dungeon (5/15)
 Temple: D:4-7

Altars:
Gozag
Okawaru
Sif Muna


Message History

There is a stone staircase leading up here.
You feel the effects of Trog's Hand fading.
Your skin stops crawling.
You feel less strong-willed.
There is a stone staircase leading up here.
A goblin comes into view. It is wielding a +0 club.
Found a stone staircase leading down.
The goblin shouts!
The goblin misses you.
You barely miss the goblin. The goblin closely misses you.
You closely miss the goblin. The goblin closely misses you.
The goblin hits you with a +0 club.
You hit the goblin.
You kill the goblin!
Trog accepts your kill.
Things that are here:
a +0 club; a goblin corpse Really walk into that dispersal trap?
Okay, then.
There is a stone staircase leading down here.
There is a stone staircase leading down here.
You climb downwards.
There is a stone staircase leading up here.
Found a stone staircase leading down.
There is a stone staircase leading down here.
There is a stone staircase leading down here.
A centaur comes into view.
The centaur shouts!
The centaur wields a +0 shortbow.
The centaur shoots an arrow.
The arrow hits you!
The centaur shoots an arrow.
The arrow closely misses you.
The centaur shoots an arrow.
The arrow barely misses you.
The centaur shoots an arrow.
The arrow hits you!
The centaur shoots an arrow.
The arrow hits you!
The centaur shoots an arrow.
The arrow hits you.
* * * LOW HITPOINT WARNING * * *
The centaur shoots an arrow.
The arrow hits you.
* * * LOW HITPOINT WARNING * * *
The centaur shoots an arrow.
The arrow completely misses you.
The centaur shoots an arrow.
The arrow hits you!
You die...

#.<.....####
#.#...#.....
#.......####
###.###.# #.#
#.# #.###.#
#..>..#
###########.#
....c..@....#
.##########.#
#.# #.# #.#
#.# #.# ..#


You could see a centaur.

Vanquished Creatures
  2 hounds (D:4)
  3 adders
  An ufetubus (D:4)
  A worm (D:2)
  2 dart slugs
  3 ball pythons (D:1)
  5 bats
  2 endoplasms (D:4)
  A giant cockroach (D:2)
  9 goblins
  6 hobgoblins
  6 jackals
  3 kobolds
  A quokka (D:1)
  11 frilled lizards
  7 rats
63 creatures vanquished.

Vanquished Creatures (others)
  A draconian (D:1)
  2 vine stalkers (D:1)
  2 spriggans (D:1)
  A human (D:1)
  A naga (D:1)
  A dwarf (D:1)
  A mummy (D:1)
  A gnoll (D:1)
  2 orcs (D:1)
  4 tentacles (D:1)
16 creatures vanquished.

Grand Total: 79 creatures vanquished

Notes
Turn   | Place    | Note
-------+----------+-------------------------------------------
     0 | D:1      | Qelan the Human Berserker began the quest for the Orb.
     0 | D:1      | Reached XP level 1. HP: 18/18 MP: 1/1
     0 | D:1      | Noticed a naga
     0 | D:1      | Noticed a human
     0 | D:1      | Noticed a vine stalker
     0 | D:1      | Noticed a dwarf
     0 | D:1      | Noticed a vine stalker
     0 | D:1      | Noticed a kraken
     0 | D:1      | Noticed a draconian
     0 | D:1      | Noticed a spriggan
     0 | D:1      | Noticed a spriggan
     5 | D:1      | Killed a human
     5 | D:1      | Killed a spriggan
     5 | D:1      | Killed a naga
     7 | D:1      | Killed a vine stalker
     7 | D:1      | Killed a draconian
     8 | D:1      | Killed a dwarf
     8 | D:1      | Killed a spriggan
     9 | D:1      | Killed a vine stalker
    97 | D:1      | Reached XP level 2. HP: 22/24 MP: 2/2
   390 | D:1      | Reached ** piety under Trog
   391 | D:1      | Reached XP level 3. HP: 23/29 MP: 3/3
   769 | D:2      | Reached XP level 4. HP: 32/35 MP: 4/4
  1009 | D:2      | Found an opulent altar of Gozag.
  1151 | D:2      | You fall into a shaft and drop 2 floors!
  1364 | D:4      | Reached skill level 4 in Maces & Flails
  1373 | D:4      | Reached XP level 5. HP: 12/41 MP: 5/5
  1615 | D:4      | Reached *** piety under Trog
  1619 | D:4      | Found an iron altar of Okawaru.
  1807 | D:4      | Found a shimmering blue altar of Sif Muna.
  2252 | D:5      | Entered Level 5 of the Dungeon
  2268 | D:5      | Noticed a centaur
  2273 | D:5      | Shot with an arrow by a centaur

Illustrated notes

Levels and vault maps discovered:
D:1:      nicolae_arrival_kraken_aquarium_a, layout_rooms, minmay_lizard_pond
D:2:      layout_basic, basic_altar, grunt_decor_resistance, grunt_ministairs_10
D:4:      layout_basic, mainiacjoe_overflow_cross_hatched, old_standard_altar,
          kennysheep_little_box, minmay_misc_feat_iff, corexii_shack,
          small_statue_intersection, minivault_11, nrook_uturn
D:5:      layout_loops_ring, pdpol_temple_overflow_zin_treasury_gozag_greed,
          grunt_ministairs_5, nicolae_shop_overcharged_wands

Skill      XL: |  1  2  3  4 |
---------------+-------------+-----
Maces & Flails | 4 |  4.4
Dodging        | 3 |  3.2
Fighting       | |  3.7
Long Blades    | |  0.1
Armour         | |  2.5
Stealth        | |  0.2

Action                     |  1- 3 |  4- 6 || total
---------------------------+-------+-------++-------
  Melee: Mace              |   101 |    53 ||   154
         Long sword        |       |    32 ||    32
 Invoke: Trog's Hand       |       |     9 ||     9
    Use: Scroll            |       |     5 ||     5
         Potion            |       |     4 ||     4
 Armour: Leather armour    |    43 |    44 ||    87
         Animal skin       |     1 |       ||     1
  Dodge: Dodged            |    76 |   107 ||   183
